 Dungeon Crawl Stone Soup version 0.20-a0-217-g17e8ceb (webtiles) character file.

65 kuniqs the Magician (level 3, -4/16 HPs)
             Began as a Spriggan Conjurer on Nov 28, 2016.
             Killed by nerve-wracking pain
             ... invoked by a shadow imp
             ... summoned by Natasha
              (8 damage)
             ... on level 2 of the Dungeon.
             The game lasted 00:04:25 (1653 turns).

kuniqs the Magician (Spriggan Conjurer)             Turns: 1653, Time: 00:04:25

Health: -4/16      AC:  2    Str:  4    XL:     3   Next: 92%
Magic:  0/10       EV: 18    Int: 17    God:
Gold:   92         SH:  0    Dex: 16    Spells: 6/12 levels left

rFire  . . .     SeeInvis +     e - -2 dagger (curse)
rCold  . . .     Gourm    .     a - +0 robe
rNeg   . . .     Faith    .     (shield restricted)
rPois  .         Spirit   .     (helmet restricted)
rElec  .         Reflect  .     (no cloak)
rCorr  .         Harm     .     (gloves unavailable)
MR     .....                    (boots unavailable)
Stlth  ++........               (no amulet)
                                (no ring)
                                (no ring)

@: very quick
A: unfitting armour, see invisible, herbivore 3, speed 3, slow metabolism 2
a: no special abilities


You were on level 2 of the Dungeon.
You were not hungry.

You visited 1 branch of the dungeon, and saw 3 of its levels.

You collected 92 gold pieces.

Inventory:

Hand Weapons
 e - a cursed -2 dagger (weapon)
 j - a cursed -3 short sword
Armour
 a - a +0 robe (worn)
Scrolls
 c - a scroll of immolation {unknown}
 g - a scroll of blinking
 h - a scroll of recharging
 i - a scroll of identify {unknown}
 k - a scroll of noise {unknown}
 l - a scroll of remove curse {unknown}
 m - a scroll of random uselessness {unknown}
 n - a scroll of magic mapping {unknown}
Books
 b - a book of Conjurations

   Spells                             Type                      Level
   a - Magic Dart                     Conjuration                  1
   b - Searing Ray                    Conjuration                  2
   c - Dazzling Spray                 Conjuration/Hexes            3
   d - Fulminant Prism                Conjuration/Hexes            4
   e - Iskenderun's Mystic Blast      Conjuration                  4
   f - Iskenderun's Battlesphere      Conjuration/Charms           5
Comestibles
 d - 3 bread rations
 f - 3 fruits


   Skills:
 - Level 3.0 Dodging
 - Level 3.0 Stealth
 + Level 5.3 Spellcasting
 - Level 2.9 Conjurations


You had 6 spell levels left.
You knew the following spells:

 Your Spells              Type           Power        Failure   Level  Hunger
a - Magic Dart            Conj           ##..         4%          1    None
b - Searing Ray           Conj           ##....       10%         2    #......
c - Dazzling Spray        Conj/Hex       #.....       24%         3    ##.....


Dungeon Overview and Level Annotations

Branches:
Dungeon (3/15)

Altars:

Annotations:
D:1 Terence
D:2 Natasha


Innate Abilities, Weirdness & Mutations

You are very small and have problems with some larger weapons.
You are too small for most types of armour.
You have supernaturally acute eyesight. (SInv)
You are a herbivore.
You cover ground extremely quickly.
You need consume almost no food.


Message History

Aim: Natasha (almost dead)
The magic dart hits Natasha.
Natasha closely misses you.
The crimson imp grinds its teeth.
The crimson imp misses you.
Aim: Natasha (almost dead)
The magic dart hits Natasha.
Natasha closely misses you. The crimson imp barely misses you.
You completely miss Natasha. Natasha misses you. The crimson imp hits you.
You hit Natasha but do no damage.
Natasha casts a spell.
The crimson imp closely misses you.
You hit Natasha but do no damage. Natasha claws you. The crimson imp hits you.
* * * LOW HITPOINT WARNING * * *
The shadow imp closely misses you.
Things that are here:
a club; a goblin corpse The shadow imp gestures at you.
Pain shoots through your body!
Ouch! That really hurt!
You die...

#..........## ##.
.......##.#..########..
#....#......^..........
#.............#######..
##...####.##....####...
#... #..##..........
####..#####.............
........#####........[..
#@##............#.
#)##...........###
#5h....#.#........
###5.....#†....... #.
##....##........ #.
###...####(......
#.###...†.####.......
#.......†.##.).......
#....##...#..##......


You could see Natasha, a white imp and a shadow imp.

Vanquished Creatures
  Natasha (D:2)
  An adder (D:2)
  7 bats
  2 giant cockroaches
  2 goblins
  4 hobgoblins
  4 jackals
  A quokka (D:2)
  A frilled lizard (D:2)
  5 kobolds
  2 rats
30 creatures vanquished.

Notes
Turn   | Place    | Note
-------+----------+-------------------------------------------
     0 | D:1      | kuniqs the Spriggan Conjurer began the quest for the Orb.
     0 | D:1      | Reached XP level 1. HP: 9/9 MP: 5/5
     6 | D:1      | Noticed a black bear
     7 | D:1      | Noticed a redback
     7 | D:1      | Noticed a salamander
   108 | D:2      | Reached skill level 3 in Spellcasting
   404 | D:1      | Reached XP level 2. HP: 13/13 MP: 5/7
   883 | D:3      | Noticed a crimson imp
   889 | D:2      | Learned a level 2 spell: Searing Ray
   955 | D:2      | Noticed Terence
   955 | D:2      | Reached skill level 4 in Spellcasting
  1026 | D:1      | Reached XP level 3. HP: 7/16 MP: 0/9
  1372 | D:2      | Learned a level 3 spell: Dazzling Spray
  1508 | D:2      | Noticed Natasha
  1516 | D:2      | Killed Natasha
  1516 | D:2      | Reached skill level 5 in Spellcasting
  1547 | D:2      | Noticed Natasha
  1653 | D:2      | Killed from afar by a shadow imp

Vault maps used:
D:1:      onia_arrival_zoo_common
D:2:      first_bread, lemuel_statue_altar, uniq_terence, uniq_natasha
D:3:      elyvilon_altar_5, glass_columns_a

Skill      XL: |  1  2  3 |
---------------+----------+-----
Spellcasting   | 3 4 5 |  5.3
Dodging        | |  3.0
Stealth        | |  3.0
Conjurations   | |  2.9

Action                   || total
-------------------------++-------
Melee: Dagger            ||    23
 Cast: Magic Dart        ||   104
  Use: Scroll            ||     2
Armor: Robe              ||     4
Dodge: Dodged            ||    50
